 Dungeon Crawl Stone Soup version 0.22.0-34-g4f65f92 (webtiles) character file.

6036 shmeve the Fighter (level 10, -7/94 HPs)
             Began as a Minotaur Berserker on Aug 24, 2018.
             Was a High Priest of Trog.
             Mangled by a two-headed ogre
             ... wielding a +0 giant spiked club
              (21 damage)
             ... on level 9 of the Dungeon.
             The game lasted 00:20:27 (8590 turns).

shmeve the Fighter (Minotaur Berserker)             Turns: 8590, Time: 00:20:28

Health: -7/94      AC: 13    Str: 30    XL:     10   Next: 56%
Magic:  9/9        EV: 11    Int:  4    God:    Trog [*****.]
Gold:   444        SH:  0    Dex:  9    Spells: 9/9 levels left

rFire    . . .     SeeInvis .   z - +0 broad axe (venom)
rCold    . . .     Gourm    .   (no shield)
rNeg     . . .     Faith    .   v - +0 chain mail {MR+}
rPois    .         Spirit   .   (helmet restricted)
rElec    .         Reflect  .   j - +0 cloak
rCorr    .         Harm     .   k - +0 pair of gloves
MR       ++...                  (no boots)
Stlth    ..........             (no amulet)
HPRegen  0.25/turn              r - +4 ring of strength
MPRegen  0.11/turn              p - ring of protection from magic

@: no status effects
A: retaliatory headbutt, horns 2
a: Berserk, Trog's Hand, Brothers in Arms, Renounce Religion


You were on level 9 of the Dungeon.
You worshipped Trog.
Trog was extremely pleased with you.
You were not hungry.

You visited 2 branches of the dungeon, and saw 10 of its levels.

You collected 444 gold pieces.

Inventory:

Hand Weapons
 z - a +0 broad axe of venom (weapon)
Missiles
 u - 2 throwing nets
 A - 4 tomahawks of returning (quivered)
 B - 8 javelins of penetration
 D - 2 javelins
Armour
 j - a +0 cloak (worn)
 k - a +0 pair of gloves (worn)
 v - a +0 chain mail of magic resistance (worn)
Jewellery
 b - an uncursed ring of protection from fire
 p - a ring of protection from magic (right hand)
 r - a +4 ring of strength (left hand)
Wands
 a - a wand of digging (9)
 w - a wand of paralysis (10)
Scrolls
 d - a scroll of blinking {unknown}
 e - 5 scrolls of teleportation {unknown}
 i - 10 scrolls of identify {unknown}
 l - 3 scrolls of amnesia {unknown}
 m - a scroll of enchant weapon {unknown}
 s - a scroll of fear {unknown}
 x - a scroll of magic mapping {unknown}
 y - a scroll of immolation {unknown}
Potions
 f - a potion of might {unknown}
 g - 5 potions of curing {unknown}
 h - 4 potions of agility {unknown}
 n - a potion of berserk rage {unknown}
 o - 2 potions of degeneration {unknown}
 q - a potion of heal wounds {unknown}
 t - a potion of invisibility {unknown}
Comestibles
 c - 10 rations
 C - 20 chunks of flesh


   Skills:
 * Level 10.3 Fighting
 * Level 10.2 Axes
 * Level 8.0 Throwing
 + Level 7.1 Armour
 + Level 6.5 Dodging


You had 9 spell levels left.
You didn't know any spells.
Your spell library was empty.

Dungeon Overview and Level Annotations

Branches:
Dungeon (9/15)             Temple (1/1) D:6             Orc (0/2) D:9
   Lair: D:8-11

Altars:
Ashenzari
Cheibriados
Fedhas
Gozag
Hepliaklqana
Kikubaaqudgha
Ru
Uskayaw
Wu Jian
Xom
Yredelemnul


Innate Abilities, Weirdness & Mutations

You reflexively headbutt those who attack you in melee.
You have a pair of horns on your head.


Message History

Press: ? - help, Shift-Dir - straight line, p - two-headed ogre
Okay, then.
You slash the two-headed ogre!
The two-headed ogre looks as sick as possible!
The two-headed ogre is severely wounded.
The two-headed ogre hits you with a giant spiked club!!
The two-headed ogre hits you with a giant club!
You hit the two-headed ogre.
The two-headed ogre looks as sick as possible!
You headbutt the two-headed ogre, but do no damage.
The two-headed ogre is almost dead.
The two-headed ogre hits you with a giant spiked club.
The two-headed ogre hits you with a giant club!
You slash the two-headed ogre!
The two-headed ogre looks as sick as possible!
The two-headed ogre is almost dead.
The two-headed ogre hits you with a giant spiked club!!
* * * LOW HITPOINT WARNING * * *
The two-headed ogre hits you with a giant club!!
You die...

......(........... #.#
))...............[....
..#
.(...................#
###
)([..................
))).................
...................
..............##..
.............# #O#
.....##.###..###@####
......#.>.##...#....#
......###.#..#..###.#
.......##....##........
.....#..#..<#####.......
...#..#.#..... .......
...#.. ......... ......
.#.#.###.## ..### ....#
.# ..


You could see a two-headed ogre.

Vanquished Creatures
  Harold (D:7)
  A two-headed ogre (D:9)
  A troll (D:9)
  2 hippogriffs
  A spriggan (D:7)
  A wyvern (D:9)
  A wraith (D:9)
  2 hungry ghosts (D:9)
  Duvessa (D:7)
  2 orc warriors
  An ice beast (D:9)
  4 sky beasts
  6 centaurs
  A big kobold (D:8)
  A water moccasin zombie (D:8)
  Dowan (D:7)
  9 killer bees
  3 scorpions
  A troll zombie (D:9)
  3 howler monkeys (D:8)
  2 crimson imps (D:7)
  2 hounds
  2 quasits
  A jelly (D:6)
  4 orc priests
  A centaur skeleton (D:8)
  2 iguanas
  17 orc wizards
  8 worker ants
  7 ogre zombies (D:9)
  A howler monkey zombie (D:6)
  A gnoll (D:1)
  8 adders
  A shadow imp (D:5)
  5 worms
  A dart slug (D:3)
  2 leopard geckos (D:2)
  27 orcs
  A ball python (D:3)
  3 bats
  3 giant cockroaches
  2 gnoll zombies (D:7)
  7 goblins
  5 hobgoblins
  13 jackals
  5 quokkas
  3 frilled lizards
  A goblin skeleton (D:9)
  A goblin zombie (D:9)
  2 hobgoblin skeletons (D:9)
  A hobgoblin zombie (D:9)
  A jackal skeleton (D:5)
  A jackal zombie (D:6)
  11 kobolds
  A leopard gecko zombie (D:7)
  2 orc skeletons (D:9)
  18 orc zombies (D:9)
  A quokka skeleton (D:6)
  4 rats (D:2)
221 creatures vanquished.

Vanquished Creatures (others)
  A black bear (D:8)
  A big kobold (D:8)
  A jelly (D:8)
  An iguana (D:8)
  An adder (D:8)
  A shadow imp (D:8)
6 creatures vanquished.

Grand Total: 227 creatures vanquished

Notes
Turn   | Place    | Note
-------+----------+-------------------------------------------
     0 | D:1      | shmeve the Minotaur Berserker began the quest for the Orb.
     0 | D:1      | Reached XP level 1. HP: 19/19 MP: 0/0
   169 | D:1      | Reached XP level 2. HP: 20/27 MP: 1/1
   700 | D:1      | Reached skill level 1 in Throwing
  1021 | D:2      | Reached XP level 3. HP: 23/33 MP: 2/2
  1029 | D:2      | Found a hide-covered altar of Uskayaw.
  1174 | D:2      | Reached ** piety under Trog
  1407 | D:2      | Reached XP level 4. HP: 41/41 MP: 3/3
  2304 | D:3      | Reached XP level 5. HP: 47/47 MP: 4/4
  2682 | D:4      | Reached skill level 5 in Fighting
  2860 | D:4      | Reached skill level 5 in Axes
  2866 | D:4      | Reached XP level 6. HP: 50/56 MP: 5/5
  3738 | D:5      | Entered Level 5 of the Dungeon
  3909 | D:5      | Reached *** piety under Trog
  4264 | D:5      | Found a snail-covered altar of Cheibriados.
  4533 | D:6      | Found a staircase to the Ecumenical Temple.
  4555 | Temple   | Entered the Ecumenical Temple
  4682 | D:6      | Reached XP level 7. HP: 62/62 MP: 6/6
  5057 | D:6      | Reached XP level 8. HP: 45/71 MP: 7/7
  5236 | D:6      | Found an opulent altar of Gozag.
  5820 | D:7      | Noticed Harold
  5830 | D:7      | Killed Harold
  5830 | D:7      | Reached skill level 5 in Throwing
  5830 | D:7      | Reached skill level 5 in Armour
  5830 | D:7      | Reached skill level 5 in Dodging
  5830 | D:7      | Reached XP level 9. HP: 39/81 MP: 8/8
  6206 | D:7      | Reached **** piety under Trog
  6295 | D:7      | Found a basalt altar of Yredelemnul.
  6592 | D:7      | Noticed Duvessa
  6593 | D:7      | Noticed Dowan
  6598 | D:7      | Killed Duvessa
  6602 | D:7      | Killed Dowan
  7272 | D:8      | Found a shimmering altar of Xom.
  7747 | D:8      | Found a hazy altar of Hepliaklqana.
  7748 | D:8      | Found an ancient bone altar of Kikubaaqudgha.
  7751 | D:8      | Received a gift from Trog
  7979 | D:9      | Noticed a troll
  7984 | D:9      | Killed a troll
  7984 | D:9      | Reached XP level 10. HP: 91/91 MP: 9/9
  7987 | D:9      | Found a staircase to the Orcish Mines.
  8014 | D:9      | Received a gift from Trog
  8448 | D:9      | Noticed a two-headed ogre
  8457 | D:9      | Reached skill level 10 in Fighting
  8460 | D:9      | Reached ***** piety under Trog
  8465 | D:9      | Killed a two-headed ogre
  8465 | D:9      | Reached skill level 10 in Axes
  8583 | D:9      | Noticed a two-headed ogre
  8590 | D:9      | Mangled by a two-headed ogre

Skill      XL: |  1  2  3  4  5  6  7  8  9 10 |
---------------+-------------------------------+-----
Axes           | 4 5 6 7 9 10 | 10.2
Fighting       | 4 5 6 8 9 10 | 10.3
Throwing       | 1 2 3 4 5 7 8 |  8.0
Armour         | 3 4 5 6 7 |  7.1
Dodging        | 3 4 5 6 |  6.5

Action                   |  1- 3 |  4- 6 |  7- 9 | 10-12 || total
-------------------------+-------+-------+-------+-------++-------
Melee: Hand axe          |    75 |   154 |   149 |       ||   378
       Headbutt          |     9 |    26 |    40 |    14 ||    89
       Broad axe         |       |       |    45 |    74 ||   119
Throw: Tomahawk          |       |       |    16 |     3 ||    19
Invok: Berserk           |     1 |       |     5 |     1 ||     7
       Trog's Hand       |       |       |     1 |     1 ||     2
  Eat: Chunk             |     2 |     7 |    11 |     3 ||    23
       Ration            |       |     1 |     1 |     1 ||     3
Armor: Chain mail        |    27 |    90 |   155 |    74 ||   346
       Animal skin       |     1 |       |       |       ||     1
Dodge: Dodged            |    39 |    86 |    97 |    94 ||   316
